Hartford Whalers vs Philadelphia Flyers
Created - Thursday, November 28, 2024 at 07:20
Goals
|
| Hartford Whalers |
0 |
0 |
0 |
0 |
| Philadelphia Flyers |
2 |
1 |
0 |
3 |
|
Shots
|
| Hartford Whalers |
8 |
5 |
4 |
17 |
| Philadelphia Flyers |
9 |
7 |
14 |
30 |
|
1st period
1. Philadelphia Flyers , Jeff Skinner 17 (Casey Cizikas 31) at 1:28
2. Philadelphia Flyers , Cody Glass 18 (Sean Kuraly 22, Radek Faksa 21) at 12:01 (PP)
Penalties :
Jaden Schwartz (HFD) for Holding (Minor) at 2:15, Matt Duchene (HFD) for Tripping (Minor) at 10:28, Matt Rempe (PHI) for Holding (Minor) at 16:52
2nd period
3. Philadelphia Flyers , Sean Kuraly 15 (Jesper Fast 3, Albert Johansson 3) at 6:07
Penalties :
Tom Wilson (HFD) for Tripping (Minor) at 3:05, Tom Wilson (HFD) for Interference (Minor) at 8:52
3rd period
No Goal
Penalties :
Miles Wood (HFD) for Hooking (Minor) at 0:41, Matt Duchene (HFD) for Roughing (Double Minor) at 8:14, Anthony Cirelli (HFD) for Tripping (Minor) at 9:05, Kaiden Guhle (HFD) for Delaying the game (Minor) at 16:27
Goalie Stats
Spencer Knight (HFD), 27 saves from 30 shots - (0.900), L, 15-18-4, 60:00 minutes
Connor Ingram (PHI), 17 saves from 17 shots - (1.000), W, 37-14-8, 60:00 minutes
Players Stats for Hartford Whalers
Player Name G A P +/- PIM S H SB GA TA FO MP PP MP PK MP
------------------------------------------------------------------------------------
Anthony Cirelli 0 0 0 0 2 1 3 0 0 0 2/5 18:19 1:08 6:50
Charlie McAvoy 0 0 0 -1 0 2 3 1 0 0 0/0 26:08 1:04 7:17
Jaden Schwartz 0 0 0 -1 2 1 1 0 0 0 0/0 13:56 0:51 0:33
Josh Anderson 0 0 0 0 0 0 4 0 0 0 0/0 10:39 0:00 3:35
Joshua Norris 0 0 0 -1 0 1 1 0 1 0 5/13 12:06 0:00 0:00
Kaiden Guhle 0 0 0 -1 2 1 0 0 0 0 0/0 15:33 0:00 0:00
Matt Duchene 0 0 0 0 6 1 0 0 1 0 0/0 10:08 0:00 0:00
Miles Wood 0 0 0 -1 2 2 1 0 0 1 0/2 19:31 0:51 5:24
Morgan Frost 0 0 0 -1 0 1 3 0 0 0 0/1 15:19 0:00 0:57
Nick Suzuki 0 0 0 0 0 2 1 1 0 0 7/21 23:19 1:08 7:30
Ryan McDonagh 0 0 0 -1 0 0 0 2 0 1 0/0 22:20 0:55 8:10
Ryan Suter 0 0 0 0 0 0 0 0 0 0 0/0 11:17 0:00 0:00
Samuel Girard 0 0 0 0 0 0 2 0 0 2 0/0 20:07 0:55 8:10
T.J. Oshie 0 0 0 -1 0 3 3 0 0 0 0/1 14:43 1:08 0:00
Tom Wilson 0 0 0 -1 4 2 1 0 0 0 0/0 16:59 0:51 4:02
Tomas Tatar 0 0 0 0 0 0 0 0 0 0 0/0 0:00 0:00 0:00
Tyler Johnson 0 0 0 0 0 0 2 0 0 0 0/0 7:05 0:00 0:03
Tyler Myers 0 0 0 -1 0 0 2 3 0 1 0/0 24:57 1:04 7:17
Players Stats for Philadelphia Flyers
Player Name G A P +/- PIM S H SB GA TA FO MP PP MP PK MP
------------------------------------------------------------------------------------
Albert Johansson 0 1 1 1 0 1 1 0 0 0 0/0 12:58 0:00 0:00
Casey Cizikas 0 1 1 1 0 2 2 0 0 0 11/16 18:53 6:52 0:53
Cody Glass 1 0 1 0 0 7 1 0 0 0 0/0 17:56 7:38 0:00
Daniil Misyul 0 0 0 1 0 0 1 0 0 0 0/0 12:58 0:00 0:00
Jeff Skinner 1 0 1 1 0 2 1 0 1 0 0/0 18:35 6:53 0:00
Jesper Fast 0 1 1 1 0 1 1 0 0 0 0/0 11:48 0:00 1:06
Joel Edmundson 0 0 0 0 0 2 2 0 0 0 0/0 22:54 7:48 1:01
Lukas Rousek 0 0 0 0 0 2 0 0 0 0 0/1 11:05 0:00 0:00
Marcus Johansson 0 0 0 1 0 2 0 2 0 0 0/0 17:16 6:46 0:00
Matt Rempe 0 0 0 0 2 0 8 0 1 0 0/1 12:09 1:15 0:00
Radek Faksa 0 1 1 0 0 3 1 0 0 0 9/13 18:41 7:27 0:53
Ryan Winterton 0 0 0 1 0 0 1 0 0 0 1/2 11:41 0:51 0:00
Samuel Poulin 0 0 0 0 0 2 1 0 0 0 3/4 12:04 2:23 0:00
Sean Kuraly 1 1 2 1 0 3 6 0 2 0 5/6 19:55 7:56 1:06
Sonny Milano 0 0 0 0 0 0 2 0 0 0 0/0 16:25 5:59 0:00
Trevor van Riemsdyk 0 0 0 1 0 1 0 2 0 0 0/0 23:32 7:04 1:01
Vladislav Gavrikov 0 0 0 1 0 1 1 0 1 2 0/0 22:58 7:40 0:58
Zac Jones 0 0 0 0 0 1 2 0 0 0 0/0 16:12 0:43 0:58
3 Stars
1 - Sean Kuraly (PHI)
2 - Connor Ingram (PHI)
3 - Jeff Skinner (PHI)
Power Play
Hartford Whalers - 0 on 1 Attempt(s) - 0.00%
Philadelphia Flyers - 1 on 9 Attempt(s) - 11.11%
Penalty Kill
Hartford Whalers - 8 on 9 Attempt(s) - 88.89%
- Score 0 goal in Penalty Kill
Philadelphia Flyers - 1 on 1 Attempt(s) - 100.00%
- Score 0 goal in Penalty Kill
Team Stat
Hartford Whalers - Hits : 27 - Faceoff Wins : 14 - Blocked Shots : 7 - Penalty Minutes : 18
Philadelphia Flyers - Hits : 31 - Faceoff Wins : 29 - Blocked Shots : 4 - Penalty Minutes : 2
Official
Referees : Justin St. Pierre and Trevor Hanson
Linesman : Mark Shewchyk and Ryan Galloway
Game Notes
6:24 of 3rd period - Philadelphia Flyers goal is going for a video replay. After video review, No Goal. The puck has entered the net after making contact with an attacking player’s stick that is above the height of the crossbar.
Finance
Level 1 -- Attendance: 6000 (100.00%) -- Ticket Income $546,000
Level 2 -- Attendance: 4737 (94.74%) -- Ticket Income $246,324
Level 3 -- Attendance: 3000 (100.00%) -- Ticket Income $84,000
Level 4 -- Attendance: 4475 (89.50%) -- Ticket Income $80,550
Luxury Box -- Attendance: 963 (96.30%) -- Ticket Income $182,970
Game was played at the Wells Fargo Center.
Total Attendance: 19175 (95.88%)
Total Ticket Income: $1,139,844
Other Income: $398,945
Total Income: $1,538,789
Hartford Whalers
5 vs 5 Forward
Center Left Wing Right Wing Time % Phy DF OF
1 Nick Suzuki Anthony Cirelli Matt Duchene 30 0 2 3
2 Joshua Norris Jaden Schwartz Tom Wilson 30 0 2 3
3 Morgan Frost Miles Wood T.J. Oshie 25 1 3 1
4 Nick Suzuki Josh Anderson Tyler Johnson 15 0 2 3
5 vs 5 Defense
Defense Defense Time % Phy DF OF
1 Charlie McAvoy Tyler Myers 30 1 2 2
2 Ryan McDonagh Kaiden Guhle 30 1 2 2
3 Ryan Suter Samuel Girard 25 1 2 2
4 Tyler Myers Charlie McAvoy 15 1 2 2
PowerPlay Forward
Center Left Wing Right Wing Time % Phy DF OF
1 Nick Suzuki Anthony Cirelli T.J. Oshie 50 0 1 4
2 Miles Wood Jaden Schwartz Tom Wilson 50 1 1 3
PowerPlay Defense
Defense Defense Time % Phy DF OF
1 Charlie McAvoy Tyler Myers 50 1 2 2
2 Ryan McDonagh Samuel Girard 50 1 2 2
Penalty Kill 4 Players Forward
Center Wing Time % Phy DF OF
1 Nick Suzuki Miles Wood 50 1 2 2
2 Anthony Cirelli Tom Wilson 50 1 2 2
Penalty Kill 4 Players Defense
Defense Defense Time % Phy DF OF
1 Charlie McAvoy Tyler Myers 50 1 2 2
2 Ryan McDonagh Samuel Girard 50 1 2 2
Penalty Kill - 3 Players Forward
Forward Time % Phy DF OF
1 Nick Suzuki 50 0 5 0
2 Miles Wood 50 1 4 0
Penalty Kill - 3 Players Defense
Defense Defense Time % Phy DF OF
1 Charlie McAvoy Tyler Myers 50 1 4 0
2 Ryan McDonagh Samuel Girard 50 1 4 0
4 vs 4 Forward
Center Wing Time % Phy DF OF
1 Nick Suzuki Miles Wood 50 1 2 2
2 Anthony Cirelli Tom Wilson 50 1 2 2
4 vs 4 Defense
Defense Defense Time % Phy DF OF
1 Charlie McAvoy Tyler Myers 50 1 2 2
2 Ryan McDonagh Ryan Suter 50 1 2 2
Last Minutes Offensive
Center Left Wing Right Wing Defense Defense
Nick Suzuki Anthony Cirelli Matt Duchene Charlie McAvoy Tyler Myers
Last Minutes Defensive
Center Left Wing Right Wing Defense Defense
Nick Suzuki Anthony Cirelli Matt Duchene Charlie McAvoy Tyler Myers
Goaltenders
Starting : Spencer Knight
Backup : Anton Forsberg
Extra Forwards
Normal : Morgan Frost, T.J. Oshie, Miles Wood - PP : Morgan Frost, T.J. Oshie - PK : Miles Wood
Extra Defensemen
Normal : Charlie McAvoy, Samuel Girard, Tyler Myers - PP : Tyler Myers - PK : Ryan McDonagh, Tyler Myers
Penalty Shots
Nick Suzuki, Matt Duchene, Anthony Cirelli, Tom Wilson, T.J. Oshie
Scratches
Dante Fabbro (Healthy)
Philadelphia Flyers
5 vs 5 Forward
Center Left Wing Right Wing Time % Phy DF OF
1 Casey Cizikas Jeff Skinner Marcus Johansson 25 0 1 4
2 Radek Faksa Sonny Milano Cody Glass 25 0 1 4
3 Sean Kuraly Ryan Winterton Jesper Fast 25 0 2 3
4 Samuel Poulin Matt Rempe Lukas Rousek 25 0 2 3
5 vs 5 Defense
Defense Defense Time % Phy DF OF
1 Vladislav Gavrikov Trevor van Riemsdyk 35 0 3 2
2 Joel Edmundson Zac Jones 35 0 3 2
3 Albert Johansson Daniil Misyul 30 0 4 1
4 Vladislav Gavrikov Trevor van Riemsdyk 0 0 3 2
PowerPlay Forward
Center Left Wing Right Wing Time % Phy DF OF
1 Casey Cizikas Jeff Skinner Sonny Milano 50 0 0 5
2 Radek Faksa Marcus Johansson Cody Glass 50 0 0 5
PowerPlay Defense
Defense Defense Time % Phy DF OF
1 Vladislav Gavrikov Joel Edmundson 50 0 1 4
2 Trevor van Riemsdyk Sean Kuraly 50 0 1 4
Penalty Kill 4 Players Forward
Center Wing Time % Phy DF OF
1 Casey Cizikas Radek Faksa 50 0 5 0
2 Sean Kuraly Jesper Fast 50 0 5 0
Penalty Kill 4 Players Defense
Defense Defense Time % Phy DF OF
1 Vladislav Gavrikov Zac Jones 50 0 5 0
2 Joel Edmundson Trevor van Riemsdyk 50 0 5 0
Penalty Kill - 3 Players Forward
Forward Time % Phy DF OF
1 Casey Cizikas 50 0 5 0
2 Radek Faksa 50 0 5 0
Penalty Kill - 3 Players Defense
Defense Defense Time % Phy DF OF
1 Vladislav Gavrikov Zac Jones 50 0 5 0
2 Joel Edmundson Trevor van Riemsdyk 50 0 5 0
4 vs 4 Forward
Center Wing Time % Phy DF OF
1 Casey Cizikas Jeff Skinner 50 0 1 4
2 Radek Faksa Sonny Milano 50 0 1 4
4 vs 4 Defense
Defense Defense Time % Phy DF OF
1 Vladislav Gavrikov Trevor van Riemsdyk 50 0 3 2
2 Joel Edmundson Zac Jones 50 0 3 2
Last Minutes Offensive
Center Left Wing Right Wing Defense Defense
Casey Cizikas Jeff Skinner Sonny Milano Vladislav Gavrikov Marcus Johansson
Last Minutes Defensive
Center Left Wing Right Wing Defense Defense
Casey Cizikas Sean Kuraly Radek Faksa Vladislav Gavrikov Trevor van Riemsdyk
Goaltenders
Starting : Connor Ingram
Backup : Spencer Martin
Extra Forwards
Normal : Jeff Skinner, Casey Cizikas, Sonny Milano - PP : Jeff Skinner, Casey Cizikas - PK : Sonny Milano
Extra Defensemen
Normal : Joel Edmundson, Trevor van Riemsdyk, Vladislav Gavrikov - PP : Joel Edmundson - PK : Trevor van Riemsdyk, Vladislav Gavrikov
Penalty Shots
Jeff Skinner, Sonny Milano, Casey Cizikas, Cody Glass, Jesper Fast
Scratches
Marcel Marcel (Healthy), Devin Cooley (Healthy)
% Time on Ice - Hartford Whalers
Lines # - Real PCT - Wanted PCT - Time Play
Normal Forward
1 - 25% - 30% - 10:33
2 - 30% - 30% - 12:37
3 - 30% - 25% - 12:45
4 - 16% - 15% - 6:39
Normal Defense
1 - 29% - 30% - 12:29
2 - 33% - 30% - 13:56
3 - 29% - 25% - 12:09
4 - 9% - 15% - 4:00
PP Forward
1 - 57% - 50% - 1:08
2 - 43% - 50% - 0:51
PP Defense
1 - 54% - 50% - 1:04
2 - 46% - 50% - 0:55
PK Forward
1 - 49% - 50% - 6:38
2 - 51% - 50% - 6:50
PK Defense
1 - 46% - 50% - 6:12
2 - 54% - 50% - 7:16
PK3 Forward
1 - 52% - 50% - 1:02
2 - 48% - 50% - 0:57
PK3 Defense
1 - 55% - 50% - 1:05
2 - 45% - 50% - 0:54
44 Forward
1 - 0% - 50%
2 - 0% - 50%
44 Defense
1 - 0% - 50%
2 - 0% - 50%
Last Minute Offensive - 0:00
Last Minute Defensive - 0:00
Total
Forward - 60:00
Defense - 60:00
|
% Time on Ice - Philadelphia Flyers
Lines # - Real PCT - Wanted PCT - Time Play
Normal Forward
1 - 25% - 25% - 10:28
2 - 24% - 25% - 10:23
3 - 25% - 25% - 10:38
4 - 26% - 25% - 11:05
Normal Defense
1 - 35% - 35% - 14:51
2 - 35% - 35% - 14:45
3 - 30% - 30% - 12:58
4 - 0% - 0% - 0:00
PP Forward
1 - 51% - 50% - 7:49
2 - 49% - 50% - 7:38
PP Defense
1 - 50% - 50% - 7:48
2 - 50% - 50% - 7:39
PK Forward
1 - 45% - 50% - 0:53
2 - 55% - 50% - 1:06
PK Defense
1 - 49% - 50% - 0:58
2 - 51% - 50% - 1:01
PK3 Forward
1 - 0% - 50%
2 - 0% - 50%
PK3 Defense
1 - 0% - 50%
2 - 0% - 50%
44 Forward
1 - 0% - 50%
2 - 0% - 50%
44 Defense
1 - 0% - 50%
2 - 0% - 50%
Last Minute Offensive - 0:00
Last Minute Defensive - 0:00
Total
Forward - 60:00
Defense - 60:00
|
Play-by-Play
1st period
0:01 of 1st period - Casey Cizikas wins face-off versus Nick Suzuki in neutral zone.
0:30 of 1st period - Snap shot by Joshua Norris.
0:30 of 1st period - Shot Hit the Post.
0:36 of 1st period - Snap shot by Joshua Norris.
0:36 of 1st period - Shot Blocked by Trevor van Riemsdyk.
0:51 of 1st period - Off-side.
0:52 of 1st period - Nick Suzuki wins face-off versus Matt Rempe in neutral zone.
1:03 of 1st period - Samuel Girard is hit by Matt Rempe and loses puck.
1:26 of 1st period - Wrist shot by Jesper Fast.
1:26 of 1st period - Stopped by Spencer Knight without a rebound.
1:27 of 1st period - Casey Cizikas wins face-off versus Joshua Norris in Hartford Whalers zone.
1:28 of 1st period - Snap shot by Jeff Skinner.
1:28 of 1st period - Goal by Jeff Skinner - Hartford Whalers : 0 - Philadelphia Flyers : 1.
1:29 of 1st period - Samuel Poulin wins face-off versus Nick Suzuki in neutral zone.
1:35 of 1st period - Off-side.
1:36 of 1st period - Nick Suzuki wins face-off versus Lukas Rousek in neutral zone.
1:55 of 1st period - Lukas Rousek is hit by Nick Suzuki and loses puck.
2:04 of 1st period - Wrist shot by Lukas Rousek.
2:04 of 1st period - Shot Misses the Net.
2:06 of 1st period - Snap shot by Albert Johansson.
2:06 of 1st period - Stopped by Spencer Knight without a rebound.
2:07 of 1st period - Radek Faksa wins face-off versus Joshua Norris in Hartford Whalers zone.
2:15 of 1st period - Minor Penalty to Jaden Schwartz for Holding.
2:16 of 1st period - Casey Cizikas wins face-off versus Nick Suzuki in Hartford Whalers zone.
2:30 of 1st period - Slapshot by Jeff Skinner.
2:30 of 1st period - Shot Misses the Net.
2:32 of 1st period - Slapshot by Vladislav Gavrikov.
2:32 of 1st period - Shot Blocked by Tyler Myers.
3:41 of 1st period - Samuel Girard is hit by Casey Cizikas and loses puck.
4:15 of 1st period - Penalty to Jaden Schwartz is over, Jaden Schwartz is back on ice.
4:22 of 1st period - Sean Kuraly is hit by Charlie McAvoy and loses puck.
4:48 of 1st period - Icing by Casey Cizikas.
4:49 of 1st period - Nick Suzuki wins face-off versus Ryan Winterton in Philadelphia Flyers zone.
5:37 of 1st period - Icing by Miles Wood.
5:38 of 1st period - Sean Kuraly wins face-off versus Nick Suzuki in Hartford Whalers zone.
5:56 of 1st period - Icing by Trevor van Riemsdyk.
5:57 of 1st period - Sean Kuraly wins face-off versus Morgan Frost in Philadelphia Flyers zone.
6:15 of 1st period - Charlie McAvoy is hit by Casey Cizikas and loses puck.
6:35 of 1st period - Slapshot by Morgan Frost.
6:35 of 1st period - Shot Blocked by Marcus Johansson.
6:58 of 1st period - Snap shot by T.J. Oshie.
6:58 of 1st period - Stopped by Connor Ingram with a rebound.
7:10 of 1st period - Wrist shot by Jeff Skinner.
7:10 of 1st period - Shot Blocked by Ryan McDonagh.
7:47 of 1st period - Snap shot by Jeff Skinner.
7:47 of 1st period - Shot Misses the Net.
8:04 of 1st period - Joel Edmundson is hit by Morgan Frost and loses puck.
8:37 of 1st period - Slapshot by T.J. Oshie.
8:37 of 1st period - Stopped by Connor Ingram without a rebound.
8:38 of 1st period - Joshua Norris wins face-off versus Radek Faksa in Philadelphia Flyers zone.
8:45 of 1st period - Wrist shot by Joshua Norris.
8:45 of 1st period - Shot Misses the Net.
8:53 of 1st period - Snap shot by Tom Wilson.
8:53 of 1st period - Deflect By Joshua Norris.
8:53 of 1st period - Stopped by Connor Ingram with a rebound.
9:03 of 1st period - Ryan Suter is hit by Sean Kuraly and loses puck.
9:18 of 1st period - Nick Suzuki is hit by Ryan Winterton and loses puck.
9:29 of 1st period - Matt Rempe is hit by Tom Wilson and loses puck.
10:01 of 1st period - Tyler Myers is hit by Jesper Fast and loses puck.
10:28 of 1st period - Minor Penalty to Matt Duchene for Tripping.
10:29 of 1st period - Samuel Poulin wins face-off versus Anthony Cirelli in Hartford Whalers zone.
10:38 of 1st period - Wrist shot by Cody Glass.
10:38 of 1st period - Stopped by Spencer Knight without a rebound.
10:39 of 1st period - Anthony Cirelli wins face-off versus Radek Faksa in Hartford Whalers zone.
11:10 of 1st period - Snap shot by Cody Glass.
11:10 of 1st period - Shot Misses the Net.
11:24 of 1st period - Slapshot by Sean Kuraly.
11:24 of 1st period - Stopped by Spencer Knight with a rebound.
11:26 of 1st period - Wrist shot by Radek Faksa.
11:26 of 1st period - Stopped by Spencer Knight with a rebound.
11:28 of 1st period - Slapshot by Samuel Poulin.
11:28 of 1st period - Stopped by Spencer Knight with a rebound.
11:30 of 1st period - Snap shot by Radek Faksa.
11:30 of 1st period - Shot Misses the Net.
11:32 of 1st period - Backhand shot by Samuel Poulin.
11:32 of 1st period - Shot Misses the Net.
11:34 of 1st period - Slapshot by Sean Kuraly.
11:34 of 1st period - Deflect By Cody Glass.
11:34 of 1st period - Stopped by Spencer Knight with a rebound.
11:48 of 1st period - Nick Suzuki is hit by Cody Glass and loses puck.
11:57 of 1st period - Slapshot by Radek Faksa.
11:57 of 1st period - Shot Blocked by Ryan McDonagh.
11:59 of 1st period - Slapshot by Sean Kuraly.
11:59 of 1st period - Shot Misses the Net.
12:01 of 1st period - Slapshot by Sean Kuraly.
12:01 of 1st period - Deflect By Cody Glass.
12:01 of 1st period - Goal by Cody Glass - Hartford Whalers : 0 - Philadelphia Flyers : 2.
12:02 of 1st period - Joshua Norris wins face-off versus Casey Cizikas in neutral zone.
12:27 of 1st period - Sean Kuraly is hit by Anthony Cirelli and loses puck.
12:50 of 1st period - Snap shot by T.J. Oshie.
12:50 of 1st period - Shot Misses the Net.
14:22 of 1st period - Kaiden Guhle is hit by Sean Kuraly and loses puck.
14:57 of 1st period - Slapshot by Nick Suzuki.
14:57 of 1st period - Stopped by Connor Ingram without a rebound.
14:58 of 1st period - Radek Faksa wins face-off versus Nick Suzuki in Philadelphia Flyers zone.
15:17 of 1st period - Wrist shot by Sean Kuraly.
15:17 of 1st period - Shot Misses the Net.
15:33 of 1st period - Wrist shot by Miles Wood.
15:33 of 1st period - Stopped by Connor Ingram without a rebound.
15:34 of 1st period - Casey Cizikas wins face-off versus T.J. Oshie in Philadelphia Flyers zone.
16:21 of 1st period - Casey Cizikas is hit by Morgan Frost and loses puck.
16:30 of 1st period - Wrist shot by Miles Wood.
16:30 of 1st period - Stopped by Connor Ingram with a rebound.
16:44 of 1st period - Tyler Myers is hit by Matt Rempe and loses puck.
16:52 of 1st period - Minor Penalty to Matt Rempe for Holding.
16:53 of 1st period - Casey Cizikas wins face-off versus Nick Suzuki in Philadelphia Flyers zone.
17:02 of 1st period - Backhand shot by Anthony Cirelli.
17:02 of 1st period - Stopped by Connor Ingram with a rebound.
17:04 of 1st period - Wrist shot by Charlie McAvoy.
17:04 of 1st period - Shot Misses the Net.
17:08 of 1st period - Snap shot by Nick Suzuki.
17:08 of 1st period - Stopped by Connor Ingram without a rebound.
17:09 of 1st period - Casey Cizikas wins face-off versus Miles Wood in Philadelphia Flyers zone.
17:34 of 1st period - Trevor van Riemsdyk is hit by T.J. Oshie and loses puck.
17:49 of 1st period - Radek Faksa is hit by Anthony Cirelli and loses puck.
18:06 of 1st period - Miles Wood is hit by Sean Kuraly and loses puck.
18:52 of 1st period - Penalty to Matt Rempe is over, Matt Rempe is back on ice.
19:07 of 1st period - Samuel Poulin is hit by Josh Anderson and loses puck.
19:20 of 1st period - Tom Wilson is hit by Radek Faksa and loses puck.
19:41 of 1st period - Nick Suzuki is hit by Jeff Skinner and loses puck.
Goals for this period are 0 for Hartford Whalers vs 2 for Philadelphia Flyers.
Shots for this period are 8 for Hartford Whalers vs 9 for Philadelphia Flyers.
2nd period
0:01 of 2nd period - Radek Faksa wins face-off versus Nick Suzuki in neutral zone.
0:12 of 2nd period - Wrist shot by Sonny Milano.
0:12 of 2nd period - Deflect By Cody Glass.
0:12 of 2nd period - Stopped by Spencer Knight with a rebound.
0:37 of 2nd period - Snap shot by Morgan Frost.
0:37 of 2nd period - Stopped by Connor Ingram with a rebound.
0:39 of 2nd period - Snap shot by Charlie McAvoy.
0:39 of 2nd period - Deflect By Sean Kuraly.
0:39 of 2nd period - Stopped by Connor Ingram with a rebound.
1:33 of 2nd period - Miles Wood is hit by Albert Johansson and loses puck.
1:52 of 2nd period - Jesper Fast is hit by Josh Anderson.
1:58 of 2nd period - Slapshot by Sean Kuraly.
1:58 of 2nd period - Shot Blocked by Nick Suzuki.
2:10 of 2nd period - Tyler Myers is hit by Matt Rempe.
2:58 of 2nd period - Off-side.
2:59 of 2nd period - Sean Kuraly wins face-off versus Joshua Norris in neutral zone.
3:05 of 2nd period - Minor Penalty to Tom Wilson for Tripping.
3:06 of 2nd period - Casey Cizikas wins face-off versus Nick Suzuki in Hartford Whalers zone.
3:06 of 2nd period - Snap shot by Jeff Skinner.
3:06 of 2nd period - Shot Misses the Net.
3:08 of 2nd period - Slapshot by Vladislav Gavrikov.
3:08 of 2nd period - Shot Blocked by Tyler Myers.
3:10 of 2nd period - Snap shot by Sonny Milano.
3:10 of 2nd period - Deflect By Casey Cizikas.
3:10 of 2nd period - Stopped by Spencer Knight without a rebound.
3:11 of 2nd period - Casey Cizikas wins face-off versus Nick Suzuki in Hartford Whalers zone.
4:36 of 2nd period - Cody Glass is hit by Samuel Girard and loses puck.
5:01 of 2nd period - Trevor van Riemsdyk is hit by Samuel Girard and loses puck.
5:05 of 2nd period - Penalty to Tom Wilson is over, Tom Wilson is back on ice.
5:09 of 2nd period - Icing by Casey Cizikas.
5:10 of 2nd period - Joshua Norris wins face-off versus Samuel Poulin in Philadelphia Flyers zone.
5:18 of 2nd period - Off-side.
5:19 of 2nd period - Samuel Poulin wins face-off versus Joshua Norris in neutral zone.
5:34 of 2nd period - Snap shot by Samuel Poulin.
5:34 of 2nd period - Stopped by Spencer Knight with a rebound.
5:54 of 2nd period - Charlie McAvoy is hit by Daniil Misyul and loses puck.
6:05 of 2nd period - Wrist shot by Sean Kuraly.
6:05 of 2nd period - Shot Misses the Net.
6:07 of 2nd period - Snap shot by Sean Kuraly.
6:07 of 2nd period - Goal by Sean Kuraly - Hartford Whalers : 0 - Philadelphia Flyers : 3.
6:08 of 2nd period - Radek Faksa wins face-off versus Nick Suzuki in neutral zone.
6:35 of 2nd period - Sonny Milano is hit by T.J. Oshie and loses puck.
6:52 of 2nd period - Miles Wood is hit by Vladislav Gavrikov and loses puck.
7:01 of 2nd period - Snap shot by Cody Glass.
7:01 of 2nd period - Stopped by Spencer Knight with a rebound.
7:13 of 2nd period - Trevor van Riemsdyk is hit by Morgan Frost and loses puck.
7:49 of 2nd period - Sonny Milano is hit by T.J. Oshie and loses puck.
7:58 of 2nd period - Snap shot by T.J. Oshie.
7:58 of 2nd period - Shot Misses the Net.
8:00 of 2nd period - Backhand shot by T.J. Oshie.
8:00 of 2nd period - Stopped by Connor Ingram with a rebound.
8:02 of 2nd period - Slapshot by T.J. Oshie.
8:02 of 2nd period - Shot Misses the Net.
8:04 of 2nd period - Snap shot by Kaiden Guhle.
8:04 of 2nd period - Deflect By Cody Glass.
8:04 of 2nd period - Stopped by Connor Ingram without a rebound.
8:05 of 2nd period - Sean Kuraly wins face-off versus Nick Suzuki in Philadelphia Flyers zone.
8:14 of 2nd period - Snap shot by Jesper Fast.
8:14 of 2nd period - Shot Misses the Net.
8:22 of 2nd period - Slapshot by Charlie McAvoy.
8:22 of 2nd period - Stopped by Connor Ingram with a rebound.
8:42 of 2nd period - Wrist shot by Samuel Poulin.
8:42 of 2nd period - Shot Misses the Net.
8:44 of 2nd period - Backhand shot by Joel Edmundson.
8:44 of 2nd period - Stopped by Spencer Knight with a rebound.
8:46 of 2nd period - Slapshot by Joel Edmundson.
8:46 of 2nd period - Shot Misses the Net.
8:52 of 2nd period - Minor Penalty to Tom Wilson for Interference.
8:53 of 2nd period - Casey Cizikas wins face-off versus Anthony Cirelli in Hartford Whalers zone.
10:23 of 2nd period - Josh Anderson is hit by Sean Kuraly and loses puck.
10:52 of 2nd period - Penalty to Tom Wilson is over, Tom Wilson is back on ice.
11:10 of 2nd period - Ryan Winterton is hit by Tyler Myers and loses puck.
11:41 of 2nd period - Kaiden Guhle is hit by Matt Rempe and loses puck.
12:31 of 2nd period - Samuel Poulin is hit by Charlie McAvoy and loses puck.
13:49 of 2nd period - Radek Faksa is hit by Anthony Cirelli and loses puck.
15:35 of 2nd period - Sean Kuraly is hit by Tyler Myers.
15:55 of 2nd period - Jaden Schwartz is hit by Joel Edmundson and loses puck.
16:37 of 2nd period - Marcus Johansson is hit by Josh Anderson and loses puck.
17:41 of 2nd period - Cody Glass is hit by Charlie McAvoy and loses puck.
17:52 of 2nd period - Zac Jones is hit by Miles Wood and loses puck.
18:15 of 2nd period - Morgan Frost is hit by Sean Kuraly and loses puck.
18:34 of 2nd period - Matt Duchene is hit by Sonny Milano and loses puck.
18:58 of 2nd period - Marcus Johansson is hit by Tyler Johnson and loses puck.
19:20 of 2nd period - Tyler Myers is hit by Matt Rempe.
19:37 of 2nd period - Wrist shot by Cody Glass.
19:37 of 2nd period - Stopped by Spencer Knight with a rebound.
19:43 of 2nd period - Ryan McDonagh is hit by Sonny Milano and loses puck.
Goals for this period are 0 for Hartford Whalers vs 1 for Philadelphia Flyers.
Shots for this period are 5 for Hartford Whalers vs 7 for Philadelphia Flyers.
3rd period
0:01 of 3rd period - Ryan Winterton wins face-off versus Nick Suzuki in neutral zone.
0:04 of 3rd period - Slapshot by Joel Edmundson.
0:04 of 3rd period - Stopped by Spencer Knight with a rebound.
0:14 of 3rd period - Wrist shot by Anthony Cirelli.
0:14 of 3rd period - Shot Misses the Net.
0:16 of 3rd period - Snap shot by Matt Duchene.
0:16 of 3rd period - Shot Misses the Net.
0:41 of 3rd period - Minor Penalty to Miles Wood for Hooking.
0:42 of 3rd period - Casey Cizikas wins face-off versus Nick Suzuki in Hartford Whalers zone.
0:58 of 3rd period - Snap shot by Jeff Skinner.
0:58 of 3rd period - Shot Blocked by Tyler Myers.
1:52 of 3rd period - Sonny Milano is hit by Josh Anderson.
2:41 of 3rd period - Penalty to Miles Wood is over, Miles Wood is back on ice.
2:48 of 3rd period - Snap shot by Lukas Rousek.
2:48 of 3rd period - Stopped by Spencer Knight with a rebound.
3:22 of 3rd period - Anthony Cirelli is hit by Joel Edmundson and loses puck.
3:33 of 3rd period - Nick Suzuki is hit by Zac Jones and loses puck.
4:58 of 3rd period - Off-side.
4:59 of 3rd period - Radek Faksa wins face-off versus Joshua Norris in neutral zone.
5:22 of 3rd period - Morgan Frost is hit by Zac Jones and loses puck.
5:35 of 3rd period - Vladislav Gavrikov is hit by Tyler Johnson and loses puck.
5:51 of 3rd period - Icing by Samuel Poulin.
5:52 of 3rd period - Joshua Norris wins face-off versus Casey Cizikas in Philadelphia Flyers zone.
5:55 of 3rd period - Snap shot by Jaden Schwartz.
5:55 of 3rd period - Stopped by Connor Ingram with a rebound.
6:15 of 3rd period - Miles Wood is hit by Sean Kuraly and loses puck.
6:22 of 3rd period - Slapshot by Jesper Fast.
6:22 of 3rd period - Shot Misses the Net.
6:24 of 3rd period - Wrist shot by Sean Kuraly.
6:24 of 3rd period - Philadelphia Flyers goal is going for a video replay.
6:24 of 3rd period - The goal is refused. The puck has entered the net after making contact with an attacking player’s stick that is above the height of the crossbar..
6:25 of 3rd period - Nick Suzuki wins face-off versus Sean Kuraly in Hartford Whalers zone.
6:52 of 3rd period - Jeff Skinner is hit by Jaden Schwartz.
7:12 of 3rd period - Snap shot by Lukas Rousek.
7:12 of 3rd period - Stopped by Spencer Knight with a rebound.
7:18 of 3rd period - Morgan Frost is hit by Samuel Poulin and loses puck.
7:25 of 3rd period - Wrist shot by T.J. Oshie.
7:25 of 3rd period - Shot Misses the Net.
8:14 of 3rd period - Double Minor Penalty to Matt Duchene for Roughing.
8:15 of 3rd period - Radek Faksa wins face-off versus Anthony Cirelli in Hartford Whalers zone.
8:16 of 3rd period - Slapshot by Marcus Johansson.
8:16 of 3rd period - Stopped by Spencer Knight with a rebound.
9:05 of 3rd period - Minor Penalty to Anthony Cirelli for Tripping.
9:06 of 3rd period - Radek Faksa wins face-off versus Miles Wood in Hartford Whalers zone.
11:05 of 3rd period - Penalty to Anthony Cirelli is over, Anthony Cirelli is back on ice.
11:12 of 3rd period - Tom Wilson is hit by Matt Rempe and loses puck.
11:27 of 3rd period - Tom Wilson is hit by Matt Rempe and loses puck.
12:14 of 3rd period - Penalty to Matt Duchene is over, Matt Duchene is back on ice.
12:21 of 3rd period - Slapshot by Joel Edmundson.
12:21 of 3rd period - Shot Misses the Net.
12:35 of 3rd period - Snap shot by Jesper Fast.
12:35 of 3rd period - Deflect By Sean Kuraly.
12:35 of 3rd period - Shot Misses the Net.
12:35 of 3rd period - Puck is out of play.
12:36 of 3rd period - Sean Kuraly wins face-off versus Joshua Norris in Hartford Whalers zone.
12:47 of 3rd period - Slapshot by Sean Kuraly.
12:47 of 3rd period - Shot Misses the Net.
13:09 of 3rd period - Miles Wood is hit by Matt Rempe and loses puck.
13:40 of 3rd period - Snap shot by Miles Wood.
13:40 of 3rd period - Shot Blocked by Trevor van Riemsdyk.
13:58 of 3rd period - Albert Johansson is hit by Joshua Norris and loses puck.
14:39 of 3rd period - Wrist shot by Marcus Johansson.
14:39 of 3rd period - Stopped by Spencer Knight without a rebound.
14:40 of 3rd period - Radek Faksa wins face-off versus Joshua Norris in Hartford Whalers zone.
14:45 of 3rd period - Snap shot by Cody Glass.
14:45 of 3rd period - Stopped by Spencer Knight with a rebound.
14:47 of 3rd period - Slapshot by Zac Jones.
14:47 of 3rd period - Stopped by Spencer Knight without a rebound.
14:48 of 3rd period - Radek Faksa wins face-off versus Joshua Norris in Hartford Whalers zone.
14:55 of 3rd period - Wrist shot by Radek Faksa.
14:55 of 3rd period - Stopped by Spencer Knight without a rebound.
14:56 of 3rd period - Nick Suzuki wins face-off versus Casey Cizikas in Hartford Whalers zone.
15:01 of 3rd period - Wrist shot by Matt Duchene.
15:01 of 3rd period - Stopped by Connor Ingram without a rebound.
15:02 of 3rd period - Nick Suzuki wins face-off versus Casey Cizikas in Philadelphia Flyers zone.
15:03 of 3rd period - Snap shot by Matt Duchene.
15:03 of 3rd period - Shot Blocked by Marcus Johansson.
15:27 of 3rd period - Snap shot by Tom Wilson.
15:27 of 3rd period - Stopped by Connor Ingram without a rebound.
15:28 of 3rd period - Joshua Norris wins face-off versus Radek Faksa in Philadelphia Flyers zone.
16:14 of 3rd period - Snap shot by Casey Cizikas.
16:14 of 3rd period - Stopped by Spencer Knight with a rebound.
16:16 of 3rd period - Slapshot by Vladislav Gavrikov.
16:16 of 3rd period - Stopped by Spencer Knight with a rebound.
16:18 of 3rd period - Snap shot by Jeff Skinner.
16:18 of 3rd period - Stopped by Spencer Knight without a rebound.
16:19 of 3rd period - Casey Cizikas wins face-off versus Nick Suzuki in Hartford Whalers zone.
16:27 of 3rd period - Minor Penalty to Kaiden Guhle for Delaying the game.
16:28 of 3rd period - Nick Suzuki wins face-off versus Radek Faksa in Hartford Whalers zone.
16:38 of 3rd period - Slapshot by Trevor van Riemsdyk.
16:38 of 3rd period - Stopped by Spencer Knight with a rebound.
16:40 of 3rd period - Slapshot by Radek Faksa.
16:40 of 3rd period - Stopped by Spencer Knight with a rebound.
16:42 of 3rd period - Wrist shot by Radek Faksa.
16:42 of 3rd period - Shot Misses the Net.
16:44 of 3rd period - Snap shot by Marcus Johansson.
16:44 of 3rd period - Deflect By Cody Glass.
16:44 of 3rd period - Shot Blocked by Charlie McAvoy.
16:44 of 3rd period - Puck is out of play.
16:45 of 3rd period - Anthony Cirelli wins face-off versus Casey Cizikas in Hartford Whalers zone.
18:27 of 3rd period - Penalty to Kaiden Guhle is over, Kaiden Guhle is back on ice.
18:31 of 3rd period - Snap shot by Tom Wilson.
18:31 of 3rd period - Stopped by Connor Ingram with a rebound.
Goals for this period are 0 for Hartford Whalers vs 0 for Philadelphia Flyers.
Shots for this period are 4 for Hartford Whalers vs 14 for Philadelphia Flyers.
Back to the Top